 Dungeon Crawl Stone Soup version 0.21.1-1-g345015f (webtiles) character file.

28 inc the Ducker (level 3, 15/15 HPs)
             Began as a Felid Transmuter on Mar 13, 2018.
             Quit the game on level 2 of the Dungeon.
             The game lasted 00:01:57 (1899 turns).

inc the Ducker (Felid Transmuter)                   Turns: 1899, Time: 00:01:58

Health: 15/15      AC:  1    Str:  6    XL:     3   Next: 0%
Magic:  16/16      EV: 21    Int: 19    God:
Gold:   52         SH:  0    Dex: 17    Spells: 5/6 levels left
                                        Lives:  0   Deaths: 1

rFire    . . .     SeeInvis +     - Unarmed
rCold    . . .     Gourm    .   (shield unavailable)
rNeg     . . .     Faith    .   (armour unavailable)
rPois    .         Spirit   .   (helmet unavailable)
rElec    .         Reflect  .   (cloak unavailable)
rCorr    .         Harm     .   (gloves unavailable)
MR       .....                  (boots unavailable)
Stlth    ++........             (no amulet)
HPRegen  0.05/turn              e - ring of magical power
MPRegen  0.15/turn              k - ring of flight

@: brilliant, flying, quick
A: very small, no armour, no weapons or thrown items, stealth, claws 1, fangs 3,
see invisible, carnivore, speed 1, shaggy fur 1, slow metabolism 1, sharp paws
a: no special abilities


You were on level 2 of the Dungeon.
You were not hungry.

You visited 1 branch of the dungeon, and saw 2 of its levels.

You collected 52 gold pieces.

Inventory:

Missiles
 a - 12 arrows
Jewellery
 e - a ring of magical power (left paw)
 k - a ring of flight (right paw)
Scrolls
 d - a scroll of identify {unknown}
 f - a scroll of teleportation {unknown}
 h - 2 scrolls of remove curse {unknown}
 n - a scroll of enchant armour {unknown}
 p - a scroll of amnesia {unknown}
Potions
 j - a potion of lignification
Books
 b - a book of Changes

   Spells                             Type                      Level
   a - Beastly Appendage              Transmutation                1
   b - Sticks to Snakes               Transmutation                2
   c - Spider Form                    Transmutation/Poison         3
   d - Ice Form                       Ice/Transmutation            4
   e - Blade Hands                    Transmutation                5
 l - a book of Maledictions

   Spells                             Type                      Level
   a - Corona                         Hexes                        1
   b - Ensorcelled Hibernation        Hexes/Ice                    2
   c - Confuse                        Hexes                        3
   d - Tukima's Dance                 Hexes                        3
   e - Dazzling Spray                 Conjuration/Hexes            3
Comestibles
 c - 2 rations


   Skills:
 - Level 1.0 Fighting
 + Level 5.8 Dodging
 - Level 3.0 Unarmed Combat
 - Level 2.0 Spellcasting
 - Level 2.1 Transmutations


You had 5 spell levels left.
You knew the following spells:

 Your Spells              Type           Power        Failure   Level  Hunger
a - Beastly Appendage     Tmut           ###...       1%          1    #......


Dungeon Overview and Level Annotations

Branches:
Dungeon (2/15)

Altars:


Innate Abilities, Weirdness & Mutations

You cannot wear armour.
You are incapable of wielding weapons or throwing items.
Your paws allow you to move quietly. (Stealth)
You have sharp claws.
You have razor-sharp teeth.
You have supernaturally acute eyesight. (SInv)
You are carnivorous and can eat meat at any time.
You cover ground quickly.
You are covered in fur. (AC +1)
You have a slow metabolism.
Your sharp claws are effective at attacking unaware monsters.


Message History

You are more poisoned.
The adder poisons you!
It was a potion of lignification.
You turn into a tree.
Your roots penetrate the ground.
You die...
Your shape twists and changes as you die.
You feel sick. The adder bites you.
You are now level 3!
You feel less wooden.
You rejoin the land of the living...
It was a potion of brilliance.
You feel clever all of a sudden.
It was a potion of ambrosia.
You are confused.
You feel invigorated.
It was a potion of flight.
You feel very buoyant.
You fly up into the air.
It was a potion of curing.
You feel better.
You feel less invigorated.
Are you sure you want to abandon this character and quit the game? (Confirm with "yes".)

............##.#........#
............##.#........#######
......<......#.#..............#
...........#.#.#........#####.#
...........#.#.#........# #.#
...........#.#.#........# #.#
...........#.#.#........# #.#
########'###...#........# #.#
#####.####÷.#@.).....# #.#
#..........>#........# ###.#
#.###.################ #...#
#.#.....# #†### #.#.#.#.# #^#
#.#.#.#.# #.# #.#.#.#(# #.#####
#.#.#.#.# #...... #.#.#.#.#
#######


There were no monsters in sight!

Vanquished Creatures
  3 adders (D:2)
  An ooze (D:2)
  A worm (D:2)
  2 dart slugs (D:2)
  A ball python (D:2)
  4 bats (D:1)
  4 giant cockroaches
  3 goblins (D:1)
  2 hobgoblins
  4 kobolds (D:1)
  2 frilled lizards
  5 rats
32 creatures vanquished.

Notes
Turn   | Place    | Note
-------+----------+-------------------------------------------
     0 | D:1      | inc the Felid Transmuter began the quest for the Orb.
     0 | D:1      | Reached XP level 1. HP: 9/9 MP: 4/4
    51 | D:1      | Reached skill level 3 in Dodging
   332 | D:1      | Reached XP level 2. HP: 7/12 MP: 6/6
   358 | D:1      | Reached skill level 4 in Dodging
  1027 | D:2      | Reached XP level 3. HP: 9/15 MP: 7/7
  1182 | D:2      | Reached skill level 5 in Dodging
  1885 | D:2      | Reached XP level 4. HP: 19/19 MP: 8/8
  1894 | D:2      | Succumbed to an adder's poison
  1895 | D:2      | Reached XP level 3. HP: 0/22 MP: 16/16
  1899 | D:2      | Quit the game

Skill      XL: |  1  2  3 |
---------------+----------+-----
Dodging        | 3 4 5 |  5.8
Fighting       | |  1.0
Unarmed Combat | |  3.0
Spellcasting   | |  2.0
Transmutations | |  2.1

Action                   |  1- 3 |  4- 6 || total
-------------------------+-------+-------++-------
Melee: Unarmed           |   118 |     8 ||   126
       Bite              |    10 |     1 ||    11
       Headbutt          |     1 |       ||     1
       Punch             |     1 |       ||     1
 Cast: Beastly Appendage |     2 |       ||     2
  Use: Potion            |     4 |     1 ||     5
 Stab: Sleeping          |     4 |       ||     4
  Eat: Chunk             |     3 |       ||     3
Armor: Skin              |     4 |       ||     4
Dodge: Dodged            |   108 |     5 ||   113
